 Dungeon Crawl Stone Soup version 0.29-a0-23-ga79f92ac9c (webtiles) character file.

Game seed: 4712849345207669621

4 Ajdolov the Stinger (level 1, -1/11 HPs)
             Began as an Octopode Venom Mage on Jan 30, 2022.
             Hit by a stone thrown by a kobold (4 damage)
             ... on level 1 of the Dungeon.
             The game lasted 00:00:25 (89 turns).

Ajdolov the Stinger (Octopode Venom Mage)             Turns: 89, Time: 00:00:25

Health: -1/11      AC:  1    Str:  7    XL:     1   Next: 70%
Magic:  2/3        EV: 13    Int: 17    God:
Gold:   0          SH:  0    Dex: 12    Spells: 3/4 levels left

rFire   . . .      SeeInvis .   (no weapon)
rCold   . . .      Faith    .   (no shield)
rNeg    . . .      Spirit   .   (helmet restricted)
rPois   .          Reflect  .   (no amulet)
rElec   .          Harm     .   (no ring)
rCorr   .          Rampage  .   (no ring)
Will    .....                   (no ring)
Stlth   +++.......              (no ring)
HPRegen 0.03/turn               (no ring)
MPRegen 0.08/turn               (no ring)
                                (no ring)
                                (no ring)

@: no status effects
A: almost no armour, amphibious, 8 rings, camouflage 1, gelatinous body 1,
(nimble swimmer 1), tentacles
a: no special abilities


You were on level 1 of the Dungeon.
You visited 1 branch of the dungeon, and saw 1 of its levels.

You aren't carrying anything.


   Skills:
 - Level 2.0 Dodging
 * Level 3.1 Stealth
 + Level 2.1 Spellcasting
 - Level 1.0 Transmutations
 + Level 3.7 Poison Magic


You had 3 spell levels left.
You knew the following spells:

 Your Spells              Type           Power      Damage    Failure   Level
a - Sting                 Tmut/Pois      36%        1d4       8%          1

Your spell library contained the following spells:

 Spells                   Type           Power      Damage    Failure   Level
 Poisonous Vapours        Pois/Air       16%        N/A       14%         2
 Mephitic Cloud           Conj/Pois/Air  6%         N/A       34%         3
 Olgreb's Toxic Radiance  Pois           14%        N/A       38%         4


Dungeon Overview and Level Annotations

Branches:
Dungeon (1/15)

Altars:


Innate Abilities, Weirdness & Mutations

You cannot wear most types of armour.
You are amphibious.
You can wear up to eight rings at the same time.
Your skin changes colour to match your surroundings (Stealth+).
Your rubbery body absorbs attacks. (AC +1, EV +1)
((You are camouflaged when in or above water. (Stealth+)))
You have tentacles for arms and can constrict up to eight enemies at once.


Message History

There is an open door here.
A dart slug comes into view.
Found a long sword.
Aiming: Sting (safe; 8% risk of failure)
Press: ? - help, Q - select action Shift-Dir - straight line, f - dart slug
Aim: a dart slug (asleep, 100% to hit)
The sting hits the dart slug but does no damage.
The dart slug is poisoned.
A bat comes into view.
You tentacle-slap the dart slug. You grab the dart slug.
The dart slug is severely wounded.
You constrict the dart slug. The dart slug closely misses you.
You tentacle-slap the dart slug.
You kill the dart slug!
Your Stealth skill increases to level 3!
You see here a dart slug corpse.
Aiming: Sting (safe; 8% risk of failure)
Press: ? - help, Q - select action Shift-Dir - straight line, f - bat
Aim: a bat (asleep, 100% to hit)
The sting hits the bat.
The bat is poisoned.
You kill the bat!
You see here a +0 long sword.
You open the door.
A kobold comes into view. It is wielding a +3 dagger.
There is an open door here.
Aiming: Sting (safe; 8% risk of failure)
Press: ? - help, Q - select action Shift-Dir - straight line, f - kobold
Aim: a kobold, wielding a +3 dagger and quivering stones (asleep, 100% to hit)
The sting hits the kobold but does no damage.
The kobold is poisoned.
The kobold hits you with a +3 dagger.
You tentacle-slap the kobold but do no damage.
Your grab misses the kobold.
The kobold is heavily wounded.
The kobold hits you with a +3 dagger.
The kobold throws a stone.
The stone hits you.
* * * LOW HITPOINT WARNING * * *
There is an open door here.
The kobold throws a stone.
The stone hits you.
You die...

##### ... #.#
####+##+#####.#
#...........#K#
#...........#.# #
#........†..#'#.#.#..
.....##'##)..@.......
########.##...........
#(.......##..†.....#.#
#.#########...........
#.# #......###..
###.### #......# #
......+ ...#+#.#
##...## ###.# .#
......+


You could see a kobold (poisoned).

Vanquished Creatures
  A dart slug (D:1)
  An endoplasm (D:1)
  A bat (D:1)
3 creatures vanquished.

Notes
Turn   | Place    | Note
-------+----------+-------------------------------------------
     0 | D:1      | Ajdolov the Octopode Venom Mage began the quest for the
                  | Orb.
     0 | D:1      | Reached XP level 1. HP: 11/11 MP: 3/3
    89 | D:1      | Hit by a stone thrown by a kobold

Illustrated notes

Levels and vault maps discovered:
D:1:      eino_arrival_druids_welcome, layout_basic,
          hellmonk_ecumenical_altar_pennies_from_heaven

Skill      XL: |  1 |
---------------+----+-----
Stealth        | 3 |  3.1
Dodging        | |  2.0
Spellcasting   | |  2.1
Transmutations | |  1.0
Poison Magic   | |  3.7

Action                   || total
-------------------------++-------
Melee: Unarmed           ||     4
       Constrict         ||     1
       Tentacles         ||     1
 Cast: Sting             ||     4
Dodge: Dodged            ||     1

Table legend: (Time is in decaauts)
 A = Elapsed time spent in this place.
 B = Non-inter-level travel time spent in this place.
 C = Inter-level travel time spent in this place.
 D = Time resting spent in this place.
 E = Time spent auto-exploring this place.
 F = Levels seen in this place.
 G = Mean time per level.
                   A        B        C        D        E       F      G
               +--------+--------+--------+--------+--------+-----+--------+
         Total |     89 |     89 |      0 |      0 |     65 |   1 |   89.0 |
       Dungeon |     89 |     89 |      0 |      0 |     65 |   1 |   89.0 |
               +--------+--------+--------+--------+--------+-----+--------+

Top non-repeatable levels by time:
     D:1: 89 daAuts
